 Dungeon Crawl Stone Soup version 0.30.1-4-g462c640d31 (webtiles) character file.

Game seed: 9506147101125316432

212197 Gabide the Convoker (level 17, 0/143 (146) HPs)
             Began as a Demigod Summoner on Sept 10, 2023.
             Killed by divine providence
             ... invoked by a meliai
              (14 damage)
             ... on level 4 of the Spider Nest on Sept 12, 2023.
             The game lasted 02:44:51 (52806 turns).

Gabide the Convoker (Demigod Summoner)             Turns: 52806, Time: 02:44:51

HP:   0/143 (146)   AC: 34    Str: 15    XL:     17   Next: 61%
MP:   34/40         EV:  9    Int: 31    God:
Gold: 2255          SH:  5    Dex: 14    Spells: 20/44 levels left

rFire   . . .        a - +3 war axe "Qirr" {spect, rElec rPois rC+}
rCold   + + +        Y - +0 buckler {AC+3}
rNeg    . . .        A - +1 plate armour {rC+}
rPois   +            h - +2 helmet "Epnuum" {rC+ Str+2}
rElec   +            S - +1 cloak {rPois}
rCorr   .            u - +2 pair of gloves
SInv    .            U - +2 pair of boots
Will    +....        (no amulet) Stlth
                     M - ring of wizardry
HPRegen 0.43/turn    g - ring of wizardry
MPRegen 0.27/turn

%: wizardry (x2)
@: about to teleport, studying Throwing, lightly drained
A: high MP 1, forlorn, divine attributes, dopey 1
}: 1/15 runes: decaying
a: no special abilities


You were on level 4 of the Spider Nest.
You visited 6 branches of the dungeon, and saw 31 of its levels.
You also visited: Ossuary and Ice Cave.

You collected 4463 gold pieces.
You spent 2208 gold pieces at shops.

Inventory:

Hand Weapons
 a - the +3 war axe "Qirr" (weapon) {spect, rElec rPois rC+}
   (You found it on level 5 of the Lair of Beasts)

   rC:        It protects you from cold.
   rElec:     It insulates you from electricity.
   rPois:     It protects you from poison.
 c - the +8 arc blade {discharge, rElec}
   (You took it off Nikola on level 1 of the Spider Nest)

   rElec:     It insulates you from electricity.
 J - a +6 heavy demon whip
Missiles
 F - 20 curare-tipped darts
 P - a throwing net
Armour
 h - the +2 helmet "Epnuum" (worn) {rC+ Str+2}
   (You bought it in a shop on level 5 of the Dungeon)

   Str:       It affects your strength (+2).
   rC:        It protects you from cold.
 u - a +2 pair of gloves (worn)
 y - a +0 crystal plate armour of cold resistance
 A - a +1 plate armour of cold resistance (worn)
 L - a scarf of resistance
 Q - a +4 chain mail of willpower
 S - a +1 cloak of poison resistance (worn)
 U - a +2 pair of boots (worn)
 Y - a +0 buckler of protection (worn)
Jewellery
 e - a ring of protection from cold
 f - a ring of positive energy
 g - a ring of wizardry (right hand)
 K - a ring of see invisible
 M - a ring of wizardry (left hand)
Wands
 i - a wand of roots (28)
 p - a wand of light (20)
 s - a wand of flame (19)
 G - a wand of digging (3)
 X - a wand of paralysis (11)
Scrolls
 b - 4 scrolls of silence
 d - 2 scrolls of summoning
 j - 3 scrolls of teleportation
 m - 3 scrolls of magic mapping
 r - 8 scrolls of vulnerability
 t - 9 scrolls of fog
 x - 4 scrolls of poison
 O - 3 scrolls of blinking
 V - 3 scrolls of fear
Potions
 k - 10 potions of haste
 l - 6 potions of mutation
 n - 6 potions of lignification
 o - 2 potions of curing
 q - 3 potions of magic
 v - 4 potions of brilliance
 z - 3 potions of cancellation
 B - 2 potions of resistance
 D - a potion of berserk rage
 H - 6 potions of ambrosia
 I - 4 potions of flight
 T - 3 potions of invisibility
 W - a potion of might
Miscellaneous
 N - a phial of floods
 R - a phantom mirror
 Z - a lightning rod (4/4)


   Skills:
 - Level 12.0 Fighting
 + Level 14.7 Armour
 - Level 12.0 Dodging
 - Level 6.0 Stealth
 - Level 6.0 Shields
 + Level 14.3 Spellcasting
 - Level 15.0 Summonings


You had 20 spell levels left.
You knew the following spells:

 Your Spells              Type           Power      Damage    Failure   Level
a - Summon Small Mammal   Summ           100%       N/A       1%          1
b - Call Imp              Summ           100%       N/A       1%          2
c - Call Canine Familiar  Summ           86%        N/A       1%          3
d - Summon Guardian Gole  Hex/Summ       62%        N/A       2%          3
e - Summon Lightning Spi  Summ/Air       62%        N/A       8%          4
f - Animate Armour        Summ/Erth      100%       N/A       8%          4
g - Summon Hydra          Summ           43%        N/A       28%         7

Your spell library contained the following spells:

 Spells                   Type           Power      Damage    Failure   Level
 Beastly Appendage        Tmut           44%        N/A       17%         1
 Freeze                   Ice            88%        1d9       17%         1
 Magic Dart               Conj           88%        1d7       17%         1
 Necrotise                Necr           88%        1d8       17%         1
 Cigotuvi's Dreadful Rot  Necr/Pois/Air  44%        N/A       24%         2
 Passwall                 Tmut/Erth      18%        N/A       24%         2
 Searing Ray              Conj           44%        2d6       24%         2
 Sublimation of Blood     Necr           22%        N/A       24%         2
 Wereblood                Tmut           22%        N/A       24%         2
 Frozen Ramparts          Ice            44%        1d7       41%         3
 Gell's Gravitas          Tloc           22%        N/A       41%         3
 Hailstorm                Conj/Ice       22%        3d7       41%         3
 Ignite Poison            Fire/Tmut/Pois 22%        N/A       41%         3
 Ozocubu's Armour         Ice            22%        N/A       41%         3
 Spider Form              Tmut/Pois      22%        N/A       41%         3
 Stone Arrow              Conj/Erth      44%        3d9       41%         3
 Teleport Other           Tloc           22%        N/A       41%         3
 Vampiric Draining        Necr           22%        2d7       41%         3
 Fulminant Prism          Conj/Hex       11%        3d9       80%         4
 Manifold Assault         Tloc           22%        N/A       80%         4
 Agony                    Necr           22%        N/A       98%         5
 Alistair's Intoxication  Tmut/Pois      14%        N/A       98%         5
 Borgnjor's Vile Clutch   Necr/Erth      11%        N/A       98%         5
 Fireball                 Conj/Fire      11%        3d7       98%         5
 Freezing Cloud           Conj/Ice/Air   11%        6-21      98%         5
 Iskenderun's Battlesphe  Conj           22%        2d8       98%         5
 Lee's Rapid Deconstruct  Erth           11%        3d8*      98%         5
 Conjure Ball Lightning   Conj/Air       11%        3x3d6     100%        6
 Dispersal                Tloc           11%        N/A       100%        6
 Eringya's Noxious Bog    Tmut/Pois      11%        N/A       100%        6
 Statue Form              Tmut/Erth      14%        N/A       100%        6
 Orb of Destruction       Conj           11%        9d6       100%        7
 Ozocubu's Refrigeration  Ice            11%        4d9       100%        7
 Disjunction              Tloc           11%        N/A       100%        8
 Shatter                  Erth           11%        3d12*     100%        9


Dungeon Overview and Level Annotations

Branches:
Dungeon (15/15)            Temple (1/1) D:7            Lair (5/5) D:8
  Swamp (4/4) Lair:2       Spider (4/4) Lair:2        Slime (0/5) Lair:4
    Orc (2/2) D:10            Elf (0/3) Orc:2        Vaults (0/5) D:13
 Depths (0/4) D:15        Ossuary (visited)           IceCv (visited)

Shops:
D:5 [[   D:9 [*   Orc:1 [   Orc:2 [:=(?

Annotations:
Spider:4 3 runed translucent doors, Persimmon's ghost, adept DECj


Innate Abilities, Weirdness & Mutations

You have an increased reservoir of magic. (+10% MP)
You shall have no god before yourself.
Your divine heritage dramatically boosts your attributes as you level up.
You are dopey. (Int -2)


Message History

The wolf spider hits you but does no damage.
The wolf spider barely misses you.
The wolf spider hits you but does no damage.
The wolf spider bites you!
Unknown command.
You slash the wolf spider!
The wolf spider is moderately wounded.
Your surroundings suddenly seem different.
An emperor scorpion comes into view.
The orb spider's many legs skitter faintly.
The culicivora's many legs skitter faintly. x2
The orb spider weaves a glowing orb of energy.
An orb of destruction comes into view.
As you read the scroll of teleportation, it crumbles to dust.
You feel strangely unstable.
Unknown command.
Casting: Animate Armour (mildly dangerous; 8% risk of failure)
Press: ? - help, Q - select action, (/) - cycle Dir - look around, f - activate The orb of destruction hits you!!!
* * * LOW HITPOINT WARNING * * *
Unknown command.
Your surroundings suddenly seem different.
A radroach comes into view.
The meliai buzzes angrily.
Casting: Animate Armour (mildly dangerous; 8% risk of failure)
Press: ? - help, Q - select action, (/) - cycle Dir - look around, f - activate The meliai invokes the aid of its god against you.
Something smites you!
* * * LOW HITPOINT WARNING * * *
Unknown command.
You feel better. The meliai hits you but does no damage. The meliai stings you.
* * * LOW HITPOINT WARNING * * *
You block the meliai's attack.
The meliai stings you but does no damage.
As you read the scroll of teleportation, it crumbles to dust.
You feel strangely unstable. The meliai closely misses you.
The meliai stings you but does no damage.
The meliai mumbles some strange prayers to its god against you.
Something smites you!
You die...

##^. #..
..##.).
....
...s..s†
#..s.
^..##..s
..... .
##.s
....s.
###.
#B.....
...#.
##y..#
.....
#@.#
.....
#[.#
.....
#.##
^.... ..#
..#^# ..#
###.#
#^..
#.^..
#^^^
~.##....
#^..
....^...
...##....


You could see a radroach, an orb spider, a culicivora (distracted), a meliai
(ally target) and a friendly animated plate armour (summoned).

Vanquished Creatures
  Asterion (Spider:1)
  2 eleionomae
  A bunyip (Swamp:1)
  2 catoblepae
  A two-headed ogre (D:10)
  An alligator (Swamp:4)
  A skyshark (Lair:2)
  2 orb spiders
  2 spriggan druids
  A spriggan simulacrum (IceCv)
  An orc knight (Orc:1)
  A harpy (shapeshifter) (D:13)
  A deep elf zephyrmancer (D:15)
  A manticore (D:14)
  4 ugly things
  2 orc sorcerers (Orc:2)
  2 cyclopes (D:13)
  2 wolf spiders (Spider:3)
  A black mamba (Lair:5)
  An elephant (Lair:4)
  A torpor snail (Lair:5)
  A cane toad (Lair:5)
  An unseen horror (D:11)
  A freezing wraith (IceCv)
  A troll (Orc:2)
  A tyrant leech (Swamp:3)
  A queen bee (Lair:1)
  4 tarantellas
  A hornet (Swamp:3)
  4 blink frogs
  6 jumping spiders
  A wyvern (D:9)
  17 yaks
  A basilisk (Lair:2)
  2 minotaur simulacra (IceCv)
  2 vampire mosquitoes (Swamp:3)
  15 redbacks
  An acid dragon (D:9)
  3 water moccasins
  5 swamp worms
  A swamp drake (Swamp:4)
  A sky beast (D:7)
  5 orc warriors
  2 ogres (Orc:2)
  3 centaurs
  2 wolves (Lair:3)
  A kobold brigand (D:5)
  3 bullfrogs
  A wight (D:8)
  11 killer bees
  3 electric eels
  2 howler monkeys (D:10)
  A gnoll bouda (D:10)
  4 orc priests
  3 hounds
  6 orc wizards
  3 nameless horrors
  Robin (D:3)
  2 gnolls (D:10)
  An adder (Lair:2)
  An ufetubus (D:5)
  14 orcs
  2 endoplasms (D:2)
  A giant cockroach (D:2)
  5 goblins
  2 hobgoblins
  A quokka (D:5)
  3 bats
  3 frilled lizards
  10 kobolds
  A rat (D:2)
  A spectral orc (D:14)
199 creatures vanquished.

Vanquished Creatures (collateral kills)
  Nikola (Spider:1)
  An Ice Fiend (IceCv)
  A tengu reaver (D:11)
  A fenstrider witch (Swamp:3)
  An emperor scorpion (Spider:3)
  An orc warlord (Orc:1)
  A very ugly thing (D:15)
  3 broodmothers (Spider:4)
  4 eleionomae
  7 bunyips
  6 fire dragons
  6 entropy weavers
  Josephine (Lair:5)
  A great orb of eyes (D:15)
  An ice dragon (Swamp:3)
  A shambling mangrove (Swamp:3)
  A yaktaur captain (D:11)
  A rakshasa (D:15)
  A vault guard (D:13)
  18 hydras
  An ogre mage (D:15)
  2 radroaches
  2 jorogumos
  3 catoblepae (Lair:5)
  A spriggan air mage (Swamp:4)
  8 two-headed ogres
  10 boulder beetles
  A tengu warrior (D:12)
  5 centaur warriors
  A death scarab (Spider:4)
  5 orc high priests (Orc:2)
  6 alligators
  2 death yaks (Lair:5)
  Sonja (D:12)
  Nergalle (D:12)
  3 sun moths
  3 fire crabs (Swamp:4)
  5 goliath frogs
  2 pharaoh ants
  3 bog bodies
  2 spriggan druids (Swamp:4)
  4 swamp dragons
  4 orb spiders
  An obsidian statue (IceCv)
  5 steelbarb worms
  4 spriggan simulacra (IceCv)
  2 deep elf pyromancers
  4 orc knights
  11 wolf spiders
  An oklob plant (Lair:5)
  3 orc sorcerers
  4 will-o-the-wisps
  11 cyclopes
  5 manticores
  21 ugly things
  2 moths of wrath
  9 elephants (Lair:4)
  4 demonic crawlers
  3 black mambas
  3 gargoyles
  6 torpor snails
  Maggie (D:7)
  2 unseen horrors (D:11)
  13 cane toads
  7 rime drakes
  4 komodo dragons
  4 ice devils (IceCv)
  2 anaconda simulacra (IceCv)
  4 freezing wraiths (IceCv)
  4 meliai
  A polar bear (Lair:2)
  A bloated husk (Swamp:1)
  6 tyrant leeches
  13 blink frogs
  A troll (shapeshifter) (D:15)
  A troll (D:12)
  20 hornets
  8 tarantellas
  3 dream sheep (Lair:5)
  The ghost of Valens254 the Ducker, an amateur DjFE of Ru (D:4)
  18 jumping spiders
  12 culicivoras
  8 slime creatures
  Eustachio (D:4)
  2 wyverns
  13 spriggans
  A water elemental (D:13)
  30 yaks
  2 shadows (D:12)
  7 wraiths
  A vampire (D:12)
  A dire elephant simulacrum (IceCv)
  4 fire bats (Swamp:4)
  3 basilisks
  23 redbacks
  Grum (D:11)
  4 steam dragons
  18 vampire mosquitoes
  5 minotaur simulacra (IceCv)
  2 harpy simulacra (IceCv)
  2 wargs
  11 swamp worms
  10 water moccasins
  16 orc warriors
  6 swamp drakes (Swamp:4)
  2 black bears (D:8)
  An ettin simulacrum (IceCv)
  4 ogres
  4 wolves
  6 centaurs
  2 kobold brigands
  A gnoll sergeant (D:7)
  7 bullfrogs
  2 wyvern zombies (D:4)
  9 deep troll simulacra (IceCv)
  3 scorpions
  A lindwurm simulacrum (IceCv)
  12 killer bees
  An electric eel (D:13)
  4 howler monkeys
  2 hounds
  A bullfrog skeleton (D:4)
  A centaur skeleton (D:4)
  13 orc priests
  7 jellies
  4 iguanas
  Jessica (D:2)
  2 sleepcaps
  15 orc wizards
  9 mummies
  8 gnolls
  6 adders
  3 white imps
  2 nameless horrors
  2 worms
  3 dart slugs
  29 orcs
  6 ball pythons
  3 bats
  13 endoplasms
  5 giant cockroaches
  8 goblins
  6 hobgoblins
  A quokka (D:3)
  3 frilled lizards (D:1)
  3 hobgoblin zombies (Ossuary)
  15 kobolds
  5 orc zombies (Ossuary)
  5 rats
  A fire vortex (Swamp:4)
  A spectral weapon (Spider:1)
771 creatures vanquished.

Vanquished Creatures (others)
  A fenstrider witch (Swamp:4)
  A caustic shrike simulacrum (IceCv)
  5 hydras
  A two-headed ogre (D:8)
  An alligator (Swamp:3)
  4 death yaks (Lair:5)
  A sun moth (Spider:1)
  An orb spider (Spider:4)
  A spriggan simulacrum (IceCv)
  A deep elf pyromancer (D:12)
  An orc knight (Orc:2)
  An oklob plant (Lair:1)
  2 wolf spiders
  A manticore (Lair:5)
  A will-o-the-wisp (Swamp:4)
  An elephant (Lair:4)
  A black mamba (Lair:2)
  2 cane toads
  A rime drake (Lair:4)
  A komodo dragon (Lair:2)
  2 ice devils (IceCv)
  3 bloated husks
  2 tyrant leeches
  A hornet (Swamp:2)
  3 blink frogs
  A spriggan (Swamp:2)
  A dire elephant simulacrum (IceCv)
  A jumping spider (Spider:2)
  6 yaks
  2 steam dragons (Swamp:4)
  A redback (Spider:2)
  A vampire mosquito (Swamp:3)
  An orc warrior (Orc:2)
  3 swamp drakes (Swamp:4)
  An alligator simulacrum (IceCv)
  A centaur (D:8)
  2 deep troll simulacra (IceCv)
  12 killer bees
  An orc priest (D:8)
  An orc wizard (Orc:2)
  3 adders (Lair:2)
  An orc (D:8)
  An endoplasm (Lair:4)
  36 foxfires
  18 spectral weapons
134 creatures vanquished.

Grand Total: 1104 creatures vanquished

Notes
Turn   | Place    | Note
-------+----------+-------------------------------------------
     0 | D:1      | Gabide the Demigod Summoner began the quest for the Orb.
     0 | D:1      | Reached XP level 1. HP: 14/14 MP: 5/5
   365 | D:1      | Reached XP level 2. HP: 20/20 MP: 5/7
   745 | D:1      | Reached skill level 4 in Summonings
   821 | D:1      | Learned a level 2 spell: Call Imp
  1083 | D:1      | Reached XP level 3. HP: 26/26 MP: 8/8
  2068 | D:2      | Noticed Jessica
  2083 | D:2      | Killed Jessica
  2084 | D:2      | Reached XP level 4. HP: 6/33 MP: 4/10
  2319 | D:2      | Learned a level 3 spell: Call Canine Familiar
  2617 | D:3      | Noticed Robin
  2654 | D:3      | Killed Robin
  3207 | D:3      | Identified a scroll of acquirement
  3207 | D:3      | Acquired 686 gold pieces
  3454 | D:4      | Found a transporter.
  3454 | D:4      | Noticed Valens254's ghost (amateur DjFE)
  3598 | D:4      | Reached XP level 5. HP: 38/38 MP: 1/11
  3938 | D:4      | Reached skill level 5 in Summonings
  4157 | D:4      | Noticed Eustachio
  4176 | D:4      | Killed Eustachio
  4177 | D:4      | Reached XP level 6. HP: 24/45 MP: 6/13
  4420 | D:4      | You fall into a shaft and drop 2 floors!
  4425 | D:6      | Learned a level 3 spell: Summon Guardian Golem
  4467 | D:6      | Reached skill level 6 in Summonings
  4516 | D:6      | Reached skill level 1 in Fighting
  4728 | D:6      | Noticed a steam dragon
  4762 | D:6      | Killed a steam dragon
  4763 | D:6      | Reached XP level 7. HP: 46/57 MP: 2/14
  5512 | D:5      | Entered Level 5 of the Dungeon
  5568 | D:5      | Found Qyfaschou's Armour Emporium.
  5637 | D:5      | Bought a +0 pair of gloves for 67 gold pieces
  5736 | D:5      | Found Diusyq's Antique Armour Shoppe.
  5753 | D:5      | Identified the +0 leather armour of the Shining One's Fury
                  | {rElec Str+2}
  5827 | D:5      | Bought the +2 helmet "Epnuum" {rC+ Str+2} for 490 gold
                  | pieces
  6087 | D:5      | Reached skill level 7 in Summonings
  6243 | D:5      | Identified the +5 dagger "Ultimatum" {flame, MP+9}
  6764 | D:5      | Noticed a slime creature
  6764 | D:5      | Noticed a slime creature
  6764 | D:5      | Noticed a slime creature
  6780 | D:5      | Killed a slime creature
  6781 | D:5      | Reached skill level 8 in Summonings
  6781 | D:5      | Reached XP level 8. HP: 63/63 MP: 9/15
  6863 | D:5      | Killed a slime creature
  6864 | D:5      | Reached skill level 9 in Summonings
  6895 | D:5      | Killed a slime creature
  7388 | D:4      | Found a transporter.
  7798 | D:4      | Killed Valens254's ghost
  8039 | D:7      | Noticed a boulder beetle
  8158 | D:7      | Killed a boulder beetle
  8159 | D:7      | Reached XP level 9. HP: 73/73 MP: 11/19
  8206 | D:7      | Reached skill level 5 in Fighting
  8206 | D:7      | Reached skill level 5 in Dodging
  8487 | D:7      | Reached skill level 5 in Spellcasting
  8724 | D:7      | Found a staircase to the Ecumenical Temple.
  8807 | Temple   | Entered the Ecumenical Temple
  9073 | D:7      | Noticed Maggie
  9095 | D:7      | Killed Maggie
  9448 | D:8      | Found a sand-covered staircase.
  9459 | Ossuary  | Entered an ossuary
 10226 | D:8      | Noticed a komodo dragon
 10240 | D:8      | Killed a komodo dragon
 10334 | D:8      | Reached XP level 10. HP: 19/83 MP: 12/22
 10621 | D:8      | Noticed a two-headed ogre
 10720 | D:8      | Killed a two-headed ogre
 10721 | D:8      | Reached skill level 10 in Summonings
 11134 | D:8      | Found a staircase to the Lair.
 11344 | Lair:1   | Entered Level 1 of the Lair of Beasts
 11359 | Lair:1   | Reached skill level 11 in Summonings
 11555 | Lair:1   | Noticed an oklob plant
 11624 | Lair:1   | Killed an oklob plant
 11875 | Lair:1   | Reached skill level 12 in Summonings
 12296 | Lair:1   | Reached XP level 11. HP: 91/91 MP: 24/24
 13300 | Lair:2   | Found a staircase to the Swamp.
 13365 | Lair:2   | Found a hole to the Spider Nest.
 13717 | Lair:2   | Paralysed by a hornet for 2 turns
 14068 | Lair:2   | Noticed a catoblepas
 14091 | Lair:2   | Noticed a skyshark
 14093 | Lair:2   | Killed a catoblepas
 14107 | Lair:2   | Killed a skyshark
 15422 | Lair:3   | Got the Lessons on Bedrock
 15532 | Lair:3   | Learned a level 4 spell: Summon Lightning Spire
 16573 | Lair:3   | Reached XP level 12. HP: 39/103 MP: 28/28
 16783 | Lair:4   | Noticed a four-headed hydra
 16798 | Lair:4   | Killed a four-headed hydra
 17117 | Lair:4   | Found a staircase to the Slime Pits.
 17979 | Lair:4   | Reached skill level 13 in Summonings
 17993 | Lair:4   | HP: 5/104 [elephant (10)]
 18705 | Lair:5   | Entered Level 5 of the Lair of Beasts
 18845 | Lair:5   | Identified the +3 war axe "Qirr" {spect, rElec rPois rC+}
 18980 | Lair:5   | Noticed a boulder beetle
 18994 | Lair:5   | Killed a boulder beetle
 19086 | Lair:5   | Reached skill level 14 in Summonings
 19179 | Lair:5   | Noticed Josephine
 19215 | Lair:5   | Reached XP level 13. HP: 60/111 MP: 14/30
 19220 | Lair:5   | Killed Josephine
 19631 | Lair:5   | Found the +4 skin of Zhor {*Englaciate rC+++ SInv}
 19658 | Lair:5   | Reached skill level 15 in Summonings
 19874 | Lair:5   | Reached skill level 1 in Armour
 22438 | D:9      | Found Kixeo's Demolitions Depot.
 22786 | D:9      | Reached skill level 5 in Stealth
 22845 | D:9      | Found Ubeapp's Antique Armour Shop.
 22851 | D:9      | Bought a pair of runed boots for 202 gold pieces
 22856 | D:9      | Bought a fading leather armour for 189 gold pieces
 22856 | D:9      | Identified the +0 leather armour of Iclyhun {rPois SInv}
                  | (You bought it in a shop on level 9 of the Dungeon)
 23120 | D:9      | Identified the +1 helmet of the Endless Expanse {Rampage
                  | Will+}
 23531 | D:10     | Entered Level 10 of the Dungeon
 23694 | D:10     | Found a staircase to the Orcish Mines.
 24172 | D:10     | Got the Volume of the Plateau
 24178 | D:10     | Learned a level 4 spell: Animate Armour
 24683 | D:11     | Noticed Grum
 24690 | D:11     | Killed Grum
 24884 | D:11     | Noticed a tengu reaver
 25501 | D:11     | Killed a tengu reaver
 25724 | D:11     | Reached skill level 10 in Fighting
 25947 | D:11     | Reached XP level 14. HP: 121/121 MP: 30/32
 25991 | D:11     | Reached skill level 10 in Dodging
 26867 | D:12     | Identified the +7 long sword "Hyjiakin" {drain, Dex+6}
 26906 | D:12     | Noticed Nergalle
 26917 | D:12     | Killed Nergalle
 27085 | D:12     | Reached skill level 10 in Spellcasting
 27635 | D:12     | Noticed Sonja
 27638 | D:12     | Killed Sonja
 27653 | D:12     | Reached skill level 5 in Armour
 27782 | D:12     | Found the +10 zealot's sword {holy, Zealotry, *Rage rN+
                  | EV+3}
 28342 | D:12     | Identified the staff of fire "Pice Xol" {rPois rF+ Str-3
                  | Int+9}
 29487 | D:13     | Found a gate to the Vaults.
 31104 | D:15     | Entered Level 15 of the Dungeon
 31425 | D:15     | Reached XP level 15. HP: 94/130 MP: 30/35
 32437 | D:15     | Found a staircase to the Depths.
 32883 | Orc:1    | Entered Level 1 of the Orcish Mines
 33065 | Orc:2    | Entered Level 2 of the Orcish Mines
 33065 | Orc:2    | Found Desm's Magic Scroll Shoppe.
 33161 | Orc:2    | Bought a scroll of enchant armour for 105 gold pieces
 33161 | Orc:2    | Bought a scroll of teleportation for 42 gold pieces
 33291 | Orc:2    | Found Qedwel's Antique Weapon Emporium.
 33990 | Orc:2    | Gained mutation: You are dopey. (Int -2) [a neqoxec]
 34306 | Orc:1    | Found Piamu's Armour Boutique.
 34316 | Orc:1    | Bought a +1 cloak of poison resistance for 189 gold pieces
 34465 | Orc:1    | Found a transporter.
 34471 | Orc:1    | Paralysed by an orc sorcerer for 5 turns
 34567 | Orc:1    | Found a transporter.
 34574 | Orc:1    | Found a transporter.
 34594 | Orc:1    | Found a transporter.
 34987 | Orc:2    | Reached skill level 1 in Shields
 35220 | Orc:2    | Found a staircase to the Elven Halls.
 35424 | Orc:2    | Found Caren's Jewellery Boutique.
 35431 | Orc:2    | Found Paumesm's Book Boutique.
 35433 | Orc:2    | Found Xecigu's Armour Emporium.
 35508 | Orc:2    | Bought a +4 chain mail of willpower for 504 gold pieces
 35830 | Orc:2    | Bought a book of Blood for 420 gold pieces
 35838 | Orc:2    | Learned a level 7 spell: Summon Hydra
 36748 | Swamp:1  | Entered Level 1 of the Swamp
 36961 | Swamp:1  | Reached skill level 5 in Shields
 39709 | Swamp:3  | Reached XP level 16. HP: 115/139 MP: 29/37
 39808 | Swamp:3  | Found a frozen archway.
 39816 | IceCv    | Entered an ice cave
 40648 | IceCv    | Noticed an Ice Fiend
 40671 | IceCv    | Reached skill level 10 in Armour
 40877 | IceCv    | Killed an Ice Fiend
 41946 | IceCv    | Identified the +7 shortbow "Jibet" {flame, rPois}
 43319 | Swamp:4  | Entered Level 4 of the Swamp
 45828 | Swamp:4  | Got a decaying rune of Zot
 46030 | Spider:1 | Entered Level 1 of the Spider Nest
 46712 | Spider:1 | Noticed Nikola
 46728 | Spider:1 | Killed Nikola
 46729 | Spider:1 | Reached XP level 17. HP: 146/146 MP: 30/39
 47313 | Spider:1 | Noticed Asterion
 47337 | Spider:1 | Killed Asterion
 49572 | Spider:3 | Identified the +0 helmet "Ichimaqi" {Str+4 Dex+4}
 50944 | Spider:4 | Entered Level 4 of the Spider Nest
 51224 | Spider:4 | Found a runed translucent gate.
 51224 | Spider:4 | Found a runed translucent gate.
 51224 | Spider:4 | Noticed Persimmon's ghost (adept DECj)
 51225 | Spider:4 | Found a runed translucent gate.
 52804 | Spider:4 | HP: 6/143 [meliai/divine providence (12)]
 52806 | Spider:4 | Killed from afar by a meliai

Illustrated notes

Levels and vault maps discovered:
D:1:      evilmike_arrival_plus, layout_basic
D:2:      layout_loops_ring, uniq_jessica
D:3:      layout_basic, hellmonk_ecumenical_altar_lost_god, uniq_robin
D:4:      layout_layer_cave, grunt_temple_overflow_cloverleaf, fedhas_altar_4,
          gammafunk_ghost_mausoleum, uniq_eustachio
D:5:      cheibrodos_fertilizer, layout_loops_ring,
          mainiacjoe_overflow_surrounded_room, serial_shops, shop, shop,
          minivault_11, uniq_crazy_yiuf_cottage
D:6:      layout_loops_ring, nicolae_overflow_squiral,
          hangedman_abyss_or_decor_lesser_grid
D:7:      layout_loops_ring, minmay_temple_entry_mini_moons, uniq_maggie
D:8:      layout_loops_cross, mainiacjoe_overflow_concentric_impassable,
          grunt_lair_entry_orc_guard_hut, gup_ossuary_entry_pyramid,
          kennysheep_flooded_box, minmay_parallelograms, minmay_manual_mail
D:9:      layout_grid_maze, serial_shops, shop, nicolae_blasting_shop
D:10:     layout_irregular_city, orc_0_dummy, minmay_misc_feat_rugged,
          dreamdust_princess_corridor
D:11:     minmay_glassy_protrusions, layout_loops_corners, uniq_grum
D:12:     minmay_the_grid_triangle_9x9_rhombus_thin
          [minmay_the_grid_triangle_9x9_semitri,
          minmay_the_grid_triangle_9x9_prize_center,
          minmay_the_grid_triangle_9x9_odd_lines,
          minmay_the_grid_triangle_9x9_dagger], layout_rooms, uniq_nergalle,
          uniq_sonja
D:13:     layout_roguey, david_vaults_5, serial_bayou, serial_bayou_pond_d,
          serial_bayou_shore_b, serial_bayou_shore_b, serial_bayou_lagoon_a
D:14:     layout_loops_ring, serial_bayou_pond_d,
          yredelemnul_forgotten_temple_becter
D:15:     gammafunk_enter_depths_forms, layout_rooms,
          chequers_serial_rivers_room_a
Temple:   oiseaux_autumnal_temple
Lair:1:   layout_misc_corridors, special_room [special_room_bee],
          lemuel_oklob_altar, infiniplex_staircase_pool_2
Lair:2:   minmay_lair_venomous_thicket, layout_cave_pods, swamp_mist_pool,
          spider_nest_entry_rubble, grunt_megastairs_1
Lair:3:   layout_chaotic_city
Lair:4:   layout_cave_pods, nicolae_slime_entry_slimehenge
Lair:5:   evilmike_catoblepas_cave, layout_regular_city, enter_volcano_1,
          hellmonk_guarded_unrand_zhor, uniq_josephine
Swamp:1:  layout_basic_swamp, nicolae_swamp_fairy_circle
Swamp:2:  layout_falls_marsh, evilmike_swamp_ruin_rubble_1, swamp_pool4
Swamp:3:  layout_basic_swamp, portal_ice_cave_entry_dragon,
          nicolae_swamp_ascending_descending_big, nicolae_swamp_bloodsuckers_inc
Swamp:4:  swamp_fiery, layout_basic_swamp, swamp_pool3
Spider:1: layout_spider_delve, nicolae_spider_twisty_arc_passages, uniq_nikola,
          uniq_asterion
Spider:2: nicolae_spider_mines_1, drop_trap, lemuel_hornet_nest
Spider:3: layout_cave_pods
Spider:4: hellmonk_spider_rune_endless_swarm, gammafunk_ghost_split
Orc:1:    dreamdust_wu_jian_sword_trials, layout_caves, serial_shops, shop,
          nicolae_orc_stony_grotto
Orc:2:    st_orc_elflike, layout_diamond_mine, serial_shops, shop,
          bh_open_orc_temple

Skill      XL: |  1  2  3  4  5  6  7  8  9 10 11 12 13 14 15 16 17 |
---------------+----------------------------------------------------+-----
Stealth        | 2 3 5 6 |  6.0
Dodging        | 2 3 4 6 8 9 11 12 | 12.0
Spellcasting   | 2 3 4 6 8 9 11 12 13 14 | 14.3
Summonings     | 4 5 6 8 9 12 14 15 | 15.0
Fighting       | 3 4 6 8 9 10 11 12 | 12.0
Armour         | 4 6 9 13 14 | 14.7
Shields        | 6 |  6.0

Action                     |  1- 3 |  4- 6 |  7- 9 | 10-12 | 13-15 | 16-18 || total
---------------------------+-------+-------+-------+-------+-------+-------++-------
  Melee: Unarmed           |    19 |       |       |       |       |       ||    19
         Dagger            |    59 |    71 |    27 |   450 |   119 |       ||   726
         Short sword       |       |       |    38 |       |       |       ||    38
         Punch             |       |       |       |     6 |    11 |       ||    17
         War axe           |       |       |       |       |   401 |   414 ||   815
         Eudemon blade     |       |       |       |       |    47 |       ||    47
  Throw: Dart              |       |       |       |       |     1 |     1 ||     2
   Cast: Summon Small Mamm |    38 |     5 |    23 |    18 |    47 |     2 ||   133
         Call Imp          |    19 |     2 |    13 |    14 |    35 |     2 ||    85
         Call Canine Famil |       |    39 |    56 |    50 |    63 |    12 ||   220
         Summon Guardian G |       |       |     6 |    46 |    36 |    34 ||   122
         Summon Lightning  |       |       |       |    44 |    77 |    36 ||   157
         Animate Armour    |       |       |       |       |   184 |   196 ||   380
         Summon Hydra      |       |       |       |       |       |    11 ||    11
  Evoke: Wand              |       |     2 |       |     6 |     2 |     1 ||    11
    Use: Scroll            |     4 |     6 |    14 |    11 |    16 |    21 ||    72
         Potion            |       |       |       |    10 |     7 |    10 ||    27
   Stab: Distracted        |     1 |     1 |       |     5 |    12 |     2 ||    21
         Sleeping          |     2 |       |     1 |     1 |       |       ||     4
         Petrified         |       |       |       |     1 |       |       ||     1
 Armour: Robe              |    21 |    26 |     9 |       |       |       ||    56
         Leather armour    |       |       |    25 |       |       |       ||    25
         Swamp dragon scal |       |       |    12 |   348 |   332 |       ||   692
         Animal skin       |       |       |       |       |    43 |       ||    43
         Chain mail        |       |       |       |       |   153 |   388 ||   541
         Plate armour      |       |       |       |       |       |   531 ||   531
         Crystal plate arm |       |       |       |       |       |     2 ||     2
  Dodge: Dodged            |    48 |    45 |    93 |   506 |   583 |   477 ||  1752
  Block: Buckler           |       |       |       |       |    77 |   271 ||   348
